 Dungeon Crawl Stone Soup version 0.27.1-33-g824d729ab1 (webtiles) character file.

Game seed: 12383726554947127675

2364 pkoi the Martial Artist (level 9, -14/70 HPs)
             Began as a Yellow Draconian Monk on Dec 8, 2021.
             Was an Elder of Okawaru.
             Killed from afar by Maggie (27 damage)
             ... with a bolt of fire
             ... on level 7 of the Dungeon.
             The game lasted 00:15:35 (10500 turns).

pkoi the Martial Artist (Yellow Draconian Monk)    Turns: 10500, Time: 00:15:35

Health: -14/70     AC: 11    Str: 13    XL:     9   Next: 21%
Magic:  12/12      EV: 12    Int: 15    God:    Okawaru [****..]
Gold:   1216       SH:  0    Dex: 13    Spells: 8/11 levels left

rFire    . . .     SeeInvis .   s - +8 autumn katana {vorpal, Clar}
rCold    + . .     Faith    .   (no shield)
rNeg     . . .     Spirit   .   (armour unavailable)
rPois    .         Reflect  .   (helmet restricted)
rElec    .         Harm     .   (no cloak)
rCorr    +         Rampage  .   q - +2 pair of gloves {archery}
Will     .....     Clarity  +   h - +0 pair of boots
Stlth    ++........             (no amulet)
HPRegen  0.21/turn              o - ring of flight
MPRegen  0.13/turn              u - ring of protection from cold

@: short of breath, flying, slowed, studying Hexes, very slow
A: spit acid, AC +7, unfitting armour, cold-blooded, acid resistance
a: Breathe Acid, Renounce Religion, Heroism


You were on level 7 of the Dungeon.
You worshipped Okawaru.
Okawaru was greatly pleased with you.
You visited 2 branches of the dungeon, and saw 8 of its levels.

You collected 1216 gold pieces.

Inventory:

Hand Weapons
 b - a +0 arbalest
 s - the +8 autumn katana (weapon) {vorpal, Clar}
   (You found it on level 7 of the Dungeon)

   It inflicts extra damage upon your enemies.
   Clar:      It protects you against confusion.
Missiles
 e - 39 poisoned darts (quivered)
 k - 7 boomerangs of dispersal
 m - 86 bolts
 n - 4 curare-tipped darts
Armour
 h - a +0 pair of boots (worn)
 q - a +2 pair of gloves of archery (worn)
Jewellery
 o - a ring of flight (left hand)
 u - a ring of protection from cold (right hand)
Wands
 f - a wand of paralysis (10)
Scrolls
 c - a scroll of magic mapping
 g - 3 scrolls of identify
 t - 3 scrolls of immolation {unknown}
Potions
 a - 8 potions of curing
 d - a potion of magic
 i - 3 potions of resistance
 j - a potion of heal wounds
 l - a potion of cancellation
 p - a potion of haste {unknown}
 r - a potion of degeneration {unknown}


   Skills:
 - Level 3.2 Fighting
 + Level 4.5 Long Blades
 - Level 4.8 Crossbows
 - Level 2.6 Dodging
 - Level 1.7 Stealth
 - Level 9.0 Unarmed Combat
 - Level 1.6 Spellcasting
 - Level 2.4 Hexes
 - Level 1.7 Translocations
 - Level 4.0 Invocations


You had 8 spell levels left.
You knew the following spells:

 Your Spells              Type           Power      Damage    Failure   Level
a - Portal Projectile     Hex/Tloc       14%        N/A       30%         3

Your spell library contained the following spells:

 Spells                   Type           Power      Damage    Failure   Level
 Sting                    Tmut/Pois      4%         1d3       22%         1
 Poisonous Vapours        Pois/Air       2%         N/A       34%         2
 Olgreb's Toxic Radiance  Pois           1%         N/A       92%         4
 Blade Hands              Tmut           0%         N/A       99%         5
 Excruciating Wounds      Necr           0%         N/A       99%         5


Dungeon Overview and Level Annotations

Branches:
Dungeon (7/15)             Temple (1/1) D:5

Altars:
Ashenzari
Cheibriados
Dithmenos
Elyvilon
Fedhas
Gozag
Hepliaklqana
Kikubaaqudgha
Makhleb
Nemelex Xobeh
Okawaru
Qazlal
Ru
Sif Muna
Trog
Uskayaw
Vehumet
Wu Jian
Xom
Yredelemnul
Zin
The Shining One

Annotations:
D:3 Edmund
D:7 3 runed translucent doors, Maggie; zeram's ghost, novice SpCj


Innate Abilities, Weirdness & Mutations

You can spit globs of acid.
Your golden yellow scales are hard. (AC +7)
You cannot fit into any form of body armour.
You are cold-blooded and may be slowed by cold attacks.
You are resistant to acid. (rCorr)


Message History

You kill the kobold!
Okawaru accepts your kill.
You feel sick.
You are no longer poisoned.
You closely miss the kobold. You tail-slap the kobold.
The kobold is severely wounded.
The kobold barely misses you.
You slash the kobold!
You kill the kobold!
You closely miss the kobold. The kobold hits you with a +0 dagger.
Maggie closely misses you. The kobold hits you but does no damage.
You hit the kobold.
You kill the kobold!
Maggie hits you but does no damage. Space bends around you.
* * * LOW HITPOINT WARNING * * *
Maggie gives herself a magical halo, but it quickly sputters out.
Maggie barely misses you. Maggie barely misses you.
You riposte.
You slice Maggie!!
Maggie is moderately wounded.
Things that are here:
a +0 dagger; a +0 dagger You slash Maggie!
Your tail-slap misses Maggie.
Maggie is heavily wounded.
Maggie hits you but does no damage. Space bends around you.
* * * LOW HITPOINT WARNING * * *
Maggie hits you with a +1 glaive of distortion.
* * * LOW HITPOINT WARNING * * *
Space warps horribly around you!
* * * LOW HITPOINT WARNING * * *
Press: ? - help, Shift-Dir - straight line, f - Maggie
Aim: Maggie, wielding a +1 glaive of distortion and wearing +0 steam dragon scales (heavily wounded)
You spit a glob of acid.
The glob of acid hits Maggie!
Maggie is splashed with acid!
Maggie is almost dead.
The acid splashes onto the kobold brigand!
The kobold brigand is splashed with acid.
You hear a shout!
Maggie casts a spell at you. The bolt of fire hits you!!
You die...

###### ### #....# #..
#.##.#######.#
#.##.#.......# ####
########.##@#.......# #...
.........##@#.......# #...
.........##K#.......#####...
..........KK'...........'...
.......KK##.#.......#####...
......!..##.#......## #...
.........##.#......# #...
....KKK..##.#......######...
............#......##...#...


You could see Maggie, a kobold brigand and 2 kobolds.

Vanquished Creatures
  A hydra (D:7)
  An orc warrior (D:6)
  A black bear (D:6)
  2 ice beasts
  A hornet zombie (D:7)
  A necrophage (D:5)
  2 ogres (D:6)
  A centaur (D:5)
  A phantom (D:4)
  3 scorpions (D:5)
  A wyvern skeleton (D:7)
  3 wights
  4 orc priests
  A bullfrog skeleton (D:4)
  2 hounds (D:5)
  2 iguanas (D:5)
  2 orc wizards (D:6)
  A killer bee zombie (D:5)
  A howler monkey skeleton (D:7)
  5 adders
  A river rat (D:4)
  3 ufetubi
  An adder skeleton (D:4)
  A worm (D:5)
  A dart slug (D:1)
  7 orcs
  5 endoplasms
  2 giant cockroaches
  6 goblins
  8 hobgoblins
  3 quokkas
  4 ball pythons (D:4)
  2 bats (D:3)
  8 kobolds
  7 rats
95 creatures vanquished.

Notes
Turn   | Place    | Note
-------+----------+-------------------------------------------
     0 | D:1      | pkoi the Draconian Monk began the quest for the Orb.
     0 | D:1      | Reached XP level 1. HP: 19/19 MP: 1/1
     1 | D:1      | Found a broken altar of Ashenzari.
   252 | D:1      | Reached XP level 2. HP: 9/26 MP: 2/2
   678 | D:1      | Found a faded altar of an unknown god.
  1230 | D:2      | Reached skill level 4 in Unarmed Combat
  1637 | D:2      | Identified a scroll of acquirement
  1637 | D:2      | Acquired a manual of Hexes
  1698 | D:2      | Reached XP level 3. HP: 31/31 MP: 3/3
  3442 | D:4      | Reached skill level 5 in Unarmed Combat
  3442 | D:4      | Reached XP level 4. HP: 19/38 MP: 4/4
  3442 | D:4      | Identified the +2 ring mail "Soitigra" {-Tele rC- Str+8
                  | Stlth+}
  3730 | D:4      | Noticed a phantom
  3766 | D:4      | Killed a phantom
  3767 | D:4      | Reached skill level 6 in Unarmed Combat
  3767 | D:4      | Reached XP level 5. HP: 17/45 MP: 5/5
  4744 | D:5      | Entered Level 5 of the Dungeon
  4927 | D:4      | Noticed Edmund
  4932 | D:4      | HP: 2/42 [Edmund (1)]
  5332 | D:5      | Noticed a centaur
  5338 | D:5      | HP: 1/42 [orc priest/divine providence (15)]
  5637 | D:5      | Killed a centaur
  5638 | D:5      | Reached XP level 6. HP: 23/51 MP: 6/6
  5647 | D:4      | Reached skill level 7 in Unarmed Combat
  6347 | D:5      | Found a staircase to the Ecumenical Temple.
  6354 | Temple   | Entered the Ecumenical Temple
  6581 | Temple   | Became a worshipper of Warmaster Okawaru
  6581 | Temple   | Reached * piety under Okawaru
  6581 | Temple   | Reached ** piety under Okawaru
  6586 | Temple   | Learned a level 3 spell: Portal Projectile
  6651 | D:5      | Your scales start taking on a golden yellow colour.
  6651 | D:5      | Reached XP level 7. HP: 43/57 MP: 7/7
  6651 | D:5      | Gained mutation: You are resistant to acid. (rCorr) [Yellow
                  | Draconian growth]
  6844 | D:5      | Reached skill level 8 in Unarmed Combat
  6844 | D:5      | Reached skill level 1 in Hexes
  7280 | D:5      | Reached skill level 1 in Crossbows
  7280 | D:5      | Reached skill level 1 in Spellcasting
  7280 | D:5      | Reached skill level 1 in Translocations
  7864 | D:5      | Found a radiant altar of Vehumet.
  8364 | D:6      | Reached skill level 1 in Invocations
  8522 | D:6      | Acquired 761 gold pieces
  8587 | D:6      | Reached XP level 8. HP: 51/63 MP: 10/10
  8953 | D:6      | Reached *** piety under Okawaru
  9584 | D:7      | Found a runed translucent gate.
  9584 | D:7      | Found a runed translucent gate.
  9584 | D:7      | Found a runed translucent gate.
  9586 | D:7      | Noticed zeram's ghost (novice SpCj)
  9603 | D:7      | Noticed an eight-headed hydra
  9634 | D:7      | Reached skill level 9 in Unarmed Combat
  9745 | D:7      | Found the +8 autumn katana {vorpal, Clar}
  9829 | D:7      | Killed an eight-headed hydra
  9829 | D:7      | Reached **** piety under Okawaru
  9830 | D:7      | Reached XP level 9. HP: 11/70 MP: 8/12
 10486 | D:7      | Noticed Maggie
 10500 | D:7      | Killed from afar by Maggie

Illustrated notes

Levels and vault maps discovered:
D:1:      sevenhm_arrival_forest_fort_small_6, layout_basic,
          ebering_ecumenical_altar_rust
D:2:      layout_basic
D:3:      layout_basic
D:4:      layout_cave_pods, portal_sewer_entry_a, hangedman_decor_push,
          kennysheep_another_room, uniq_edmund
D:5:      layout_basic, marbit_many_paths, minmay_temple_entry_tees,
          kennysheep_generic_room_8
D:6:      layout_loops_ring
D:7:      layout_basic, gammafunk_ghost_split, uniq_maggie
Temple:   kilobyte_greek_temple

Skill      XL: |  1  2  3  4  5  6  7  8  9 |
---------------+----------------------------+-----
Unarmed Combat | 4 5 6 7 8 9 |  9.0
Hexes          | 2 |  2.4
Crossbows      | 2 4 |  4.8
Spellcasting   | 1 |  1.6
Translocations | 1 |  1.7
Invocations    | 1 4 |  4.0
Long Blades    | 3 4 |  4.5
Fighting       | |  3.2
Dodging        | |  2.6
Stealth        | |  1.7

Action                   |  1- 3 |  4- 6 |  7- 9 || total
-------------------------+-------+-------+-------++-------
Melee: Unarmed           |   117 |   141 |   124 ||   382
       Tailslap          |    16 |     8 |    19 ||    43
       Punch             |     1 |     4 |     4 ||     9
       Katana            |       |       |    12 ||    12
 Fire: Arbalest          |       |       |    17 ||    17
Invok: Heroism           |       |       |     2 ||     2
 Abil: Breathe Acid      |       |       |    10 ||    10
  Use: Scroll            |     6 |    10 |     2 ||    18
       Potion            |       |     1 |     1 ||     2
 Stab: Sleeping          |     6 |     3 |     3 ||    12
Armor: Skin              |    24 |    25 |    40 ||    89
Dodge: Dodged            |    79 |    81 |    75 ||   235
       Rpst.: Katana     |       |       |     2 ||     2
